Demolitions vs River Frogs
Created - January 12, 2020 at 09:45
Goals
|
Demolitions |
1 |
1 |
1 |
3 |
River Frogs |
2 |
3 |
0 |
5 |
|
Shots
|
Demolitions |
6 |
17 |
8 |
31 |
River Frogs |
7 |
12 |
13 |
32 |
|
1st period
1. River Frogs , Andrew Gordon 11 (Christian Hanson 36, Ryan Fitzgerald 4) at 1:36
2. Demolitions , Max Friberg 11 (Jake Muzzin 13) at 15:43
3. River Frogs , Ondrej Kase 10 (Anthony Bitetto 26, Austin Watson 5) at 19:22
Penalties :
Anthony Bitetto (Lou) for Cross-checking (Minor) at 16:14
2nd period
4. River Frogs , Jared Knight 7 (Austin Watson 6, Shea Theodore 7) at 2:14
5. River Frogs , Dalton Prout 6 (Aaron Ness 8, Shea Theodore 8) at 4:35
6. River Frogs , Christian Hanson 21 (Matt Calvert 32) at 8:20
7. Demolitions , Taylor Beck 15 (J.T. Brown 20) at 13:52
Penalties :
Aaron Ness (Lou) for Interference (Minor) at 17:12
3rd period
8. Demolitions , Daultan Leveillé 11 (Spencer Machacek 27, Jake Muzzin 14) at 12:17
Penalties :
Brandon Saad (Vic) for Holding (Minor) at 6:06, Robert Bortuzzo (Vic) for Holding (Minor) at 14:36, Leon Draisaitl (Lou) for Tripping (Minor) at 15:21
Goalie Stats
Alex Stalock (Vic), 22 saves from 23 shots - (0.957), 35:25 minutes
Brandon Halverson (Vic), 5 saves from 9 shots - (0.556), L, 6-9-2, 24:35 minutes
Thomas Greiss (Lou), 28 saves from 31 shots - (0.903), W, 10-9-1, 60:00 minutes
Players Stats for Demolitions
Player Name G A P +/- PIM S H SB GA TA FO MP PP MP PK MP
------------------------------------------------------------------------------------
Alex Hutchings 0 0 0 0 0 0 0 0 0 0 0/0 0:36 0:07 0:16
Andrej Nestrasil 0 0 0 -1 0 2 3 1 1 0 5/10 16:32 0:07 0:00
Brandon Saad 0 0 0 -1 2 4 1 1 0 0 1/2 21:02 2:19 0:22
Christoph Bertschy 0 0 0 -1 0 1 1 0 0 0 3/6 12:35 2:17 0:16
Daultan Leveillé 1 0 1 -1 0 4 0 2 0 1 14/30 22:58 2:20 1:44
Dennis Everberg 0 0 0 -1 0 4 2 0 0 0 0/0 18:10 2:16 0:00
J.T. Brown 0 1 1 -1 0 1 1 0 0 0 1/1 10:59 0:00 0:44
Jake Muzzin 0 2 2 -1 0 2 2 1 0 0 0/0 21:29 0:15 1:55
Jonathan Blum 0 0 0 -2 0 2 2 2 0 2 0/0 27:40 2:43 1:55
Joshua Leivo 0 0 0 1 0 0 1 0 0 1 0/0 7:06 0:00 0:00
Kerby Rychel 0 0 0 0 0 0 0 0 0 0 0/0 0:00 0:00 0:00
Lane MacDermid 0 0 0 -1 0 2 2 0 0 1 0/1 16:12 0:00 0:00
Max Friberg 1 0 1 1 0 4 1 1 0 0 0/0 7:35 0:07 0:00
Michael Prapavessis 0 0 0 0 0 0 0 0 0 0 0/0 0:00 0:00 0:00
Mitch Callahan 0 0 0 0 0 0 0 0 0 0 0/0 0:00 0:00 0:00
Nick Pryor 0 0 0 0 0 0 0 0 0 0 0/0 0:00 0:00 0:00
Nikita Tryamkin 0 0 0 -1 0 0 0 2 0 2 0/0 20:22 1:01 0:49
Phil Di Giuseppe 0 0 0 0 0 0 0 0 0 0 0/0 1:02 0:00 0:23
Phil McRae 0 0 0 1 0 1 1 0 0 0 0/1 7:06 0:00 0:00
Robert Bortuzzo 0 0 0 1 2 0 1 1 1 1 0/0 11:26 0:15 0:21
Ryan Pulock 0 0 0 -2 0 0 1 2 0 0 0/0 24:19 3:20 0:00
Spencer Machacek 0 1 1 -1 0 1 1 0 1 0 2/9 22:53 2:19 1:43
Taylor Aronson 0 0 0 1 0 1 0 0 1 0 0/0 10:35 0:07 0:00
Taylor Beck 1 0 1 -1 0 2 2 0 0 0 0/0 11:00 2:02 0:00
Tommy Vannelli 0 0 0 0 0 0 0 0 0 0 0/0 4:23 2:00 0:28
Players Stats for River Frogs
Player Name G A P +/- PIM S H SB GA TA FO MP PP MP PK MP
------------------------------------------------------------------------------------
Aaron Ness 0 1 1 0 2 0 3 1 1 0 0/0 24:37 0:53 1:06
Andrew Gordon 1 0 1 2 0 3 1 0 0 0 4/7 22:18 1:27 2:21
Anthony Bitetto 0 1 1 1 2 0 4 2 1 2 0/0 27:47 1:51 1:49
Austin Watson 0 2 2 2 0 0 2 0 0 0 1/1 11:39 0:00 0:00
Beau Starrett 0 0 0 0 0 0 0 0 0 0 0/0 0:00 0:00 0:00
Christian Hanson 1 1 2 1 0 2 1 0 0 0 18/28 22:31 1:27 2:26
Dalton Prout 1 0 1 3 0 1 3 1 1 1 0/0 31:51 1:51 3:14
Dillon Heatherington 0 0 0 1 0 0 0 0 0 0 0/0 13:28 0:00 1:01
Emerson Etem 0 0 0 -2 0 5 5 1 1 0 0/1 17:53 1:17 1:20
Francis Perron 0 0 0 0 0 0 0 0 0 0 0/0 0:09 0:00 0:00
Jared Knight 1 0 1 2 0 2 0 0 1 0 3/5 11:39 0:00 0:00
Joakim Nordstrom 0 0 0 0 0 0 1 0 0 0 0/0 7:57 0:00 0:49
Justin Florek 0 0 0 -2 0 0 1 1 0 0 1/1 16:01 1:17 0:00
Leon Draisaitl 0 0 0 -2 2 5 1 0 1 0 6/13 17:20 1:16 1:06
Mario Lucia 0 0 0 0 0 0 0 0 0 0 0/0 0:59 0:00 0:00
Matt Calvert 0 1 1 2 0 5 3 2 2 0 1/2 18:29 1:27 0:00
Maxim Mamin 0 0 0 0 0 0 0 0 0 0 0/0 1:56 0:00 1:24
Ondrej Kase 1 0 1 2 0 1 0 1 0 0 0/1 11:39 0:00 0:00
Richard Nejezchleb 0 0 0 0 0 1 0 0 0 1 0/0 7:08 0:00 0:00
Ryan Fitzgerald 0 1 1 0 0 2 0 0 0 0 0/1 7:08 0:00 0:00
Shea Theodore 0 2 2 0 0 5 1 2 0 0 0/0 21:31 0:53 2:16
3 Stars
1 - Dalton Prout (Lou)
2 - Christian Hanson (Lou)
3 - Austin Watson (Lou)
Power Play
Demolitions - 0 on 3 Attempt(s) - 0.00%
River Frogs - 0 on 2 Attempt(s) - 0.00%
Penalty Kill
Demolitions - 2 on 2 Attempt(s) - 100.00%
- Score 0 goal in Penalty Kill
River Frogs - 3 on 3 Attempt(s) - 100.00%
- Score 0 goal in Penalty Kill
Team Stat
Demolitions - Hits : 22 - Faceoff Wins : 26 - Blocked Shots : 13 - Penalty Minutes : 4
River Frogs - Hits : 26 - Faceoff Wins : 34 - Blocked Shots : 11 - Penalty Minutes : 6
Official
Referees : Unknown
Linesman : Unknown
Game Notes
Alex Stalock enters game at 4:35 of 2nd period
Finance
Level 1 -- Attendance: 1500 (75.00%) -- Ticket Income $60,000
Level 2 -- Attendance: 757 (75.70%) -- Ticket Income $15,140
Total Attendance: 2257 (75.23%)
Total Ticket Income: $75,140
Other Income: $3,757
Total Income: $78,897
Demolitions
5 vs 5 Forward
Center Left Wing Right Wing Time % Phy DF OF
1 Daultan Leveillé Brandon Saad Spencer Machacek 51 0 0 5
2 Andrej Nestrasil Lane MacDermid Dennis Everberg 34 0 0 5
3 Christoph Bertschy Taylor Beck J.T. Brown 10 1 2 2
4 Phil McRae Joshua Leivo Max Friberg 5 1 2 2
5 vs 5 Defense
Defense Defense Time % Phy DF OF
1 Jonathan Blum Ryan Pulock 50 0 0 5
2 Nikita Tryamkin Jake Muzzin 35 0 2 3
3 Robert Bortuzzo Taylor Aronson 10 1 2 2
4 Tommy Vannelli Jonathan Blum 5 1 2 2
PowerPlay Forward
Center Left Wing Right Wing Time % Phy DF OF
1 Daultan Leveillé Brandon Saad Spencer Machacek 70 0 0 5
2 Christoph Bertschy Taylor Beck Dennis Everberg 30 0 0 5
PowerPlay Defense
Defense Defense Time % Phy DF OF
1 Jonathan Blum Ryan Pulock 70 0 0 5
2 Nikita Tryamkin Jonathan Blum 30 0 0 5
Penalty Kill 4 Players Forward
Center Wing Time % Phy DF OF
1 Spencer Machacek Daultan Leveillé 60 1 2 2
2 J.T. Brown Brandon Saad 40 1 2 2
Penalty Kill 4 Players Defense
Defense Defense Time % Phy DF OF
1 Jonathan Blum Jake Muzzin 60 1 2 2
2 Nikita Tryamkin Robert Bortuzzo 40 1 2 2
Penalty Kill - 3 Players Forward
Forward Time % Phy DF OF
1 Spencer Machacek 60 1 2 2
2 Daultan Leveillé 40 1 2 2
Penalty Kill - 3 Players Defense
Defense Defense Time % Phy DF OF
1 Jonathan Blum Jake Muzzin 60 1 2 2
2 Nikita Tryamkin Robert Bortuzzo 40 1 2 2
4 vs 4 Forward
Center Wing Time % Phy DF OF
1 Spencer Machacek Daultan Leveillé 60 1 2 2
2 J.T. Brown Brandon Saad 40 1 2 2
4 vs 4 Defense
Defense Defense Time % Phy DF OF
1 Jonathan Blum Jake Muzzin 60 1 2 2
2 Nikita Tryamkin Robert Bortuzzo 40 1 2 2
Last Minutes Offensive
Center Left Wing Right Wing Defense Defense
Daultan Leveillé Brandon Saad Spencer Machacek Jonathan Blum Jake Muzzin
Last Minutes Defensive
Center Left Wing Right Wing Defense Defense
Daultan Leveillé Brandon Saad Spencer Machacek Jonathan Blum Jake Muzzin
Goaltenders
Starting : Brandon Halverson
Backup : Alex Stalock
Extra Forwards
Normal : Christoph Bertschy, J.T. Brown, Phil Di Giuseppe - PP : Brandon Saad, Dennis Everberg - PK : Phil Di Giuseppe
Extra Defensemen
Normal : Nikita Tryamkin, Taylor Aronson, Michael Prapavessis - PP : Ryan Pulock - PK : Robert Bortuzzo, Tommy Vannelli
Penalty Shots
Spencer Machacek, Daultan Leveillé, J.T. Brown, Brandon Saad, Dennis Everberg
Scratches
Thomas DiPauli (Healthy), Colton Sceviour (Healthy), Aaron Palushaj (Healthy), Jared Staal (Healthy), Jaedon Descheneau (Healthy)
Antti Raanta (Healthy), Jake Paterson (Healthy), Francois Tremblay (Healthy)
River Frogs
5 vs 5 Forward
Center Left Wing Right Wing Time % Phy DF OF
1 Christian Hanson Matt Calvert Andrew Gordon 40 1 2 2
2 Leon Draisaitl Justin Florek Emerson Etem 30 1 2 2
3 Jared Knight Austin Watson Ondrej Kase 20 1 2 2
4 Ryan Fitzgerald Joakim Nordstrom Richard Nejezchleb 10 1 2 2
5 vs 5 Defense
Defense Defense Time % Phy DF OF
1 Dalton Prout Anthony Bitetto 40 1 2 2
2 Aaron Ness Shea Theodore 30 1 2 2
3 Dillon Heatherington Dalton Prout 20 1 2 2
4 Anthony Bitetto Aaron Ness 10 1 2 2
PowerPlay Forward
Center Left Wing Right Wing Time % Phy DF OF
1 Christian Hanson Matt Calvert Andrew Gordon 60 1 2 2
2 Leon Draisaitl Justin Florek Emerson Etem 40 1 2 2
PowerPlay Defense
Defense Defense Time % Phy DF OF
1 Dalton Prout Anthony Bitetto 60 1 2 2
2 Aaron Ness Shea Theodore 40 1 2 2
Penalty Kill 4 Players Forward
Center Wing Time % Phy DF OF
1 Andrew Gordon Christian Hanson 60 1 2 2
2 Emerson Etem Leon Draisaitl 40 1 2 2
Penalty Kill 4 Players Defense
Defense Defense Time % Phy DF OF
1 Dalton Prout Anthony Bitetto 60 1 2 2
2 Aaron Ness Shea Theodore 40 1 2 2
Penalty Kill - 3 Players Forward
Forward Time % Phy DF OF
1 Andrew Gordon 60 1 2 2
2 Christian Hanson 40 1 2 2
Penalty Kill - 3 Players Defense
Defense Defense Time % Phy DF OF
1 Dalton Prout Anthony Bitetto 60 1 2 2
2 Aaron Ness Shea Theodore 40 1 2 2
4 vs 4 Forward
Center Wing Time % Phy DF OF
1 Andrew Gordon Christian Hanson 60 1 2 2
2 Emerson Etem Leon Draisaitl 40 1 2 2
4 vs 4 Defense
Defense Defense Time % Phy DF OF
1 Dalton Prout Anthony Bitetto 60 1 2 2
2 Aaron Ness Shea Theodore 40 1 2 2
Last Minutes Offensive
Center Left Wing Right Wing Defense Defense
Christian Hanson Matt Calvert Andrew Gordon Dalton Prout Anthony Bitetto
Last Minutes Defensive
Center Left Wing Right Wing Defense Defense
Christian Hanson Matt Calvert Andrew Gordon Dalton Prout Anthony Bitetto
Goaltenders
Starting : Thomas Greiss
Backup : Phoenix Copley
Extra Forwards
Normal : Mario Lucia, Francis Perron, Maxim Mamin - PP : Mario Lucia, Francis Perron - PK : Maxim Mamin
Extra Defensemen
Normal : Dillon Heatherington, Shea Theodore, Dalton Prout - PP : Dillon Heatherington - PK : Shea Theodore, Dalton Prout
Penalty Shots
Andrew Gordon, Christian Hanson, Emerson Etem, Leon Draisaitl, Matt Calvert
Scratches
David Kolomatis (Healthy), Timothy Kunes (Healthy), Shane Sims (Healthy), James Livingstone (Healthy)
% Time on Ice - Demolitions
Lines # - Real PCT - Wanted PCT - Time Play
Normal Forward
1 - 36% - 51% - 18:42
2 - 32% - 34% - 16:33
3 - 17% - 10% - 8:58
4 - 14% - 5% - 7:06
Normal Defense
1 - 41% - 50% - 21:01
2 - 36% - 35% - 18:32
3 - 20% - 10% - 10:26
4 - 3% - 5% - 1:20
PP Forward
1 - 57% - 70% - 2:41
2 - 43% - 30% - 2:02
PP Defense
1 - 78% - 70% - 3:42
2 - 22% - 30% - 1:01
PK Forward
1 - 73% - 60% - 2:00
2 - 27% - 40% - 0:44
PK Defense
1 - 70% - 60% - 1:55
2 - 30% - 40% - 0:49
PK3 Forward
1 - 0% - 60%
2 - 0% - 40%
PK3 Defense
1 - 0% - 60%
2 - 0% - 40%
44 Forward
1 - 81% - 60% - 1:00
2 - 19% - 40% - 0:14
44 Defense
1 - 100% - 60% - 1:14
2 - 0% - 40% - 0:00
Last Minute Offensive - 0:00
Last Minute Defensive - 0:00
Total
Forward - 60:00
Defense - 60:00
|
% Time on Ice - River Frogs
Lines # - Real PCT - Wanted PCT - Time Play
Normal Forward
1 - 34% - 40% - 17:34
2 - 29% - 30% - 14:58
3 - 23% - 20% - 11:39
4 - 14% - 10% - 7:08
Normal Defense
1 - 34% - 40% - 17:30
2 - 33% - 30% - 16:58
3 - 22% - 20% - 11:10
4 - 11% - 10% - 5:41
PP Forward
1 - 53% - 60% - 1:27
2 - 47% - 40% - 1:17
PP Defense
1 - 68% - 60% - 1:51
2 - 32% - 40% - 0:53
PK Forward
1 - 72% - 60% - 3:23
2 - 28% - 40% - 1:20
PK Defense
1 - 61% - 60% - 2:53
2 - 39% - 40% - 1:50
PK3 Forward
1 - 0% - 60%
2 - 0% - 40%
PK3 Defense
1 - 0% - 60%
2 - 0% - 40%
44 Forward
1 - 76% - 60% - 0:56
2 - 24% - 40% - 0:18
44 Defense
1 - 45% - 60% - 0:33
2 - 55% - 40% - 0:41
Last Minute Offensive - 0:00
Last Minute Defensive - 0:00
Total
Forward - 60:00
Defense - 60:00
|
Play-by-Play
1st period
0:01 of 1st period - Christian Hanson wins face-off versus Daultan Leveillé in neutral zone.
0:26 of 1st period - Justin Florek is hit by Taylor Beck and loses puck.
0:39 of 1st period - Snap shot by Taylor Beck.
0:39 of 1st period - Shot Blocked by Justin Florek.
1:17 of 1st period - Aaron Ness is hit by Phil McRae and loses puck.
1:30 of 1st period - Wrist shot by Ryan Fitzgerald.
1:30 of 1st period - Stopped by Brandon Halverson with a rebound.
1:32 of 1st period - Snap shot by Andrew Gordon.
1:32 of 1st period - Shot Misses the Net.
1:34 of 1st period - Snap shot by Christian Hanson.
1:34 of 1st period - Shot Misses the Net.
1:36 of 1st period - Wrist shot by Andrew Gordon.
1:36 of 1st period - Goal by Andrew Gordon - Demolitions : 0 - River Frogs : 1.
1:37 of 1st period - Daultan Leveillé wins face-off versus Leon Draisaitl in neutral zone.
1:40 of 1st period - Wrist shot by Brandon Saad.
1:40 of 1st period - Shot Blocked by Anthony Bitetto.
2:42 of 1st period - Shea Theodore is hit by Christoph Bertschy and loses puck.
2:59 of 1st period - Backhand shot by Spencer Machacek.
2:59 of 1st period - Shot Misses the Net.
3:01 of 1st period - Wrist shot by Jonathan Blum.
3:01 of 1st period - Deflect By Spencer Machacek.
3:01 of 1st period - Shot Blocked by Shea Theodore.
3:01 of 1st period - Puck is out of play.
3:02 of 1st period - Andrej Nestrasil wins face-off versus Christian Hanson in River Frogs zone.
3:34 of 1st period - Snap shot by Emerson Etem.
3:34 of 1st period - Shot Blocked by Daultan Leveillé.
3:53 of 1st period - Slapshot by Anthony Bitetto.
3:53 of 1st period - Shot Blocked by Max Friberg.
5:06 of 1st period - Wrist shot by Daultan Leveillé.
5:06 of 1st period - Stopped by Thomas Greiss with a rebound.
5:25 of 1st period - Slapshot by Anthony Bitetto.
5:25 of 1st period - Deflect By Richard Nejezchleb.
5:25 of 1st period - Stopped by Brandon Halverson with a rebound.
5:27 of 1st period - Slapshot by Anthony Bitetto.
5:27 of 1st period - Deflect By Ryan Fitzgerald.
5:27 of 1st period - Stopped by Brandon Halverson with a rebound.
6:03 of 1st period - Wrist shot by Spencer Machacek.
6:03 of 1st period - Shot Misses the Net.
6:05 of 1st period - Snap shot by Spencer Machacek.
6:05 of 1st period - Shot Blocked by Dalton Prout.
6:27 of 1st period - Wrist shot by Emerson Etem.
6:27 of 1st period - Shot Blocked by Jonathan Blum.
6:35 of 1st period - Dillon Heatherington is hit by Taylor Beck.
6:57 of 1st period - Wrist shot by Andrej Nestrasil.
6:57 of 1st period - Stopped by Thomas Greiss without a rebound.
6:58 of 1st period - Christian Hanson wins face-off versus Daultan Leveillé in River Frogs zone.
7:13 of 1st period - Brandon Saad is hit by Christian Hanson.
7:25 of 1st period - Emerson Etem is hit by Andrej Nestrasil and loses puck.
7:34 of 1st period - Robert Bortuzzo is hit by Emerson Etem and loses puck.
7:49 of 1st period - Wrist shot by Max Friberg.
7:49 of 1st period - Stopped by Thomas Greiss with a rebound.
7:51 of 1st period - Slapshot by Jake Muzzin.
7:51 of 1st period - Shot Blocked by Aaron Ness.
7:57 of 1st period - Snap shot by Joshua Leivo.
7:57 of 1st period - Deflect By Max Friberg.
7:57 of 1st period - Shot Misses the Net.
7:57 of 1st period - Puck is out of play.
7:58 of 1st period - Christian Hanson wins face-off versus Daultan Leveillé in River Frogs zone.
8:23 of 1st period - Andrej Nestrasil is hit by Emerson Etem and loses puck.
8:34 of 1st period - Snap shot by Leon Draisaitl.
8:34 of 1st period - Stopped by Brandon Halverson without a rebound.
8:35 of 1st period - Daultan Leveillé wins face-off versus Ondrej Kase in Demolitions zone.
9:37 of 1st period - Snap shot by Emerson Etem.
9:37 of 1st period - Shot Blocked by Andrej Nestrasil.
10:09 of 1st period - Icing by Daultan Leveillé.
10:10 of 1st period - Jared Knight wins face-off versus Daultan Leveillé in Demolitions zone.
10:38 of 1st period - Taylor Aronson is hit by Dalton Prout and loses puck.
11:28 of 1st period - Slapshot by Matt Calvert.
11:28 of 1st period - Stopped by Brandon Halverson with a rebound.
12:31 of 1st period - Dennis Everberg is hit by Emerson Etem and loses puck.
12:40 of 1st period - Ondrej Kase is hit by Andrej Nestrasil and loses puck.
13:13 of 1st period - Spencer Machacek is hit by Anthony Bitetto and loses puck.
13:54 of 1st period - Snap shot by Lane MacDermid.
13:54 of 1st period - Shot Blocked by Shea Theodore.
14:04 of 1st period - Slapshot by Aaron Ness.
14:04 of 1st period - Shot Blocked by Robert Bortuzzo.
14:12 of 1st period - Slapshot by Max Friberg.
14:12 of 1st period - Stopped by Thomas Greiss with a rebound.
14:14 of 1st period - Snap shot by Max Friberg.
14:14 of 1st period - Stopped by Thomas Greiss with a rebound.
14:42 of 1st period - Anthony Bitetto is hit by Dennis Everberg and loses puck.
14:59 of 1st period - Wrist shot by Andrej Nestrasil.
14:59 of 1st period - Shot Misses the Net.
15:01 of 1st period - Wrist shot by J.T. Brown.
15:01 of 1st period - Shot Blocked by Anthony Bitetto.
15:26 of 1st period - Brandon Saad is hit by Austin Watson.
15:38 of 1st period - Dillon Heatherington is hit by Max Friberg and loses puck.
15:43 of 1st period - Snap shot by Max Friberg.
15:43 of 1st period - Goal by Max Friberg - Demolitions : 1 - River Frogs : 1.
15:44 of 1st period - Justin Florek wins face-off versus Daultan Leveillé in neutral zone.
16:14 of 1st period - Minor Penalty to Anthony Bitetto for Cross-checking.
16:15 of 1st period - Daultan Leveillé wins face-off versus Andrew Gordon in River Frogs zone.
17:12 of 1st period - Dillon Heatherington is hit by Dennis Everberg and loses puck.
17:45 of 1st period - Ryan Pulock is hit by Joakim Nordstrom and loses puck.
18:14 of 1st period - Penalty to Anthony Bitetto is over, Anthony Bitetto is back on ice.
18:14 of 1st period - Emerson Etem is hit by Jonathan Blum and loses puck.
18:33 of 1st period - Ondrej Kase is hit by Jake Muzzin and loses puck.
19:01 of 1st period - Andrew Gordon is hit by Spencer Machacek and loses puck.
19:20 of 1st period - Wrist shot by Ondrej Kase.
19:20 of 1st period - Shot Misses the Net.
19:22 of 1st period - Wrist shot by Anthony Bitetto.
19:22 of 1st period - Deflect By Ondrej Kase.
19:22 of 1st period - Goal by Ondrej Kase - Demolitions : 1 - River Frogs : 2.
19:23 of 1st period - Daultan Leveillé wins face-off versus Christian Hanson in neutral zone.
19:33 of 1st period - Jonathan Blum is hit by Aaron Ness.
19:39 of 1st period - Snap shot by Andrew Gordon.
19:39 of 1st period - Shot Blocked by Jonathan Blum.
19:48 of 1st period - Icing by Lane MacDermid.
19:49 of 1st period - Leon Draisaitl wins face-off versus Andrej Nestrasil in Demolitions zone.
19:58 of 1st period - Anthony Bitetto is hit by Andrej Nestrasil and loses puck.
Goals for this period are 1 for Demolitions vs 2 for River Frogs.
Shots for this period are 6 for Demolitions vs 7 for River Frogs.
2nd period
0:01 of 2nd period - Daultan Leveillé wins face-off versus Christian Hanson in neutral zone.
0:08 of 2nd period - Slapshot by Brandon Saad.
0:08 of 2nd period - Deflect By Daultan Leveillé.
0:08 of 2nd period - Shot Blocked by Matt Calvert.
0:08 of 2nd period - Puck is out of play.
0:09 of 2nd period - Daultan Leveillé wins face-off versus Andrew Gordon in River Frogs zone.
0:10 of 2nd period - Snap shot by Spencer Machacek.
0:10 of 2nd period - Shot Hit the Post.
0:12 of 2nd period - Backhand shot by Daultan Leveillé.
0:12 of 2nd period - Stopped by Thomas Greiss without a rebound.
0:13 of 2nd period - Christian Hanson wins face-off versus Daultan Leveillé in River Frogs zone.
0:38 of 2nd period - Snap shot by Dennis Everberg.
0:38 of 2nd period - Stopped by Thomas Greiss without a rebound.
0:39 of 2nd period - Andrej Nestrasil wins face-off versus Leon Draisaitl in River Frogs zone.
1:24 of 2nd period - Snap shot by J.T. Brown.
1:24 of 2nd period - Stopped by Thomas Greiss without a rebound.
1:25 of 2nd period - Christoph Bertschy wins face-off versus Jared Knight in River Frogs zone.
1:51 of 2nd period - Austin Watson is hit by J.T. Brown and loses puck.
2:14 of 2nd period - Snap shot by Austin Watson.
2:14 of 2nd period - Deflect By Jared Knight.
2:14 of 2nd period - Goal by Jared Knight - Demolitions : 1 - River Frogs : 3.
2:15 of 2nd period - Christian Hanson wins face-off versus Daultan Leveillé in neutral zone.
2:24 of 2nd period - Snap shot by Brandon Saad.
2:24 of 2nd period - Stopped by Thomas Greiss without a rebound.
2:25 of 2nd period - Daultan Leveillé wins face-off versus Christian Hanson in River Frogs zone.
2:30 of 2nd period - Wrist shot by Brandon Saad.
2:30 of 2nd period - Shot Misses the Net.
2:32 of 2nd period - Slapshot by Jake Muzzin.
2:32 of 2nd period - Deflect By Christian Hanson.
2:32 of 2nd period - Stopped by Thomas Greiss with a rebound.
2:34 of 2nd period - Slapshot by Brandon Saad.
2:34 of 2nd period - Stopped by Thomas Greiss without a rebound.
2:35 of 2nd period - Daultan Leveillé wins face-off versus Christian Hanson in River Frogs zone.
2:42 of 2nd period - Wrist shot by Brandon Saad.
2:42 of 2nd period - Stopped by Thomas Greiss with a rebound.
4:16 of 2nd period - Jonathan Blum is hit by Emerson Etem and loses puck.
4:35 of 2nd period - Slapshot by Dalton Prout.
4:35 of 2nd period - Goal by Dalton Prout - Demolitions : 1 - River Frogs : 4.
4:35 of 2nd period - Alex Stalock enters game.
4:36 of 2nd period - Christian Hanson wins face-off versus Spencer Machacek in neutral zone.
5:01 of 2nd period - Dalton Prout is hit by Jake Muzzin and loses puck.
5:17 of 2nd period - Icing by Anthony Bitetto.
5:18 of 2nd period - Austin Watson wins face-off versus Phil McRae in River Frogs zone.
5:27 of 2nd period - Slapshot by Ondrej Kase.
5:27 of 2nd period - Shot Misses the Net.
5:29 of 2nd period - Slapshot by Anthony Bitetto.
5:29 of 2nd period - Shot Misses the Net.
5:31 of 2nd period - Wrist shot by Jared Knight.
5:31 of 2nd period - Deflect By Austin Watson.
5:31 of 2nd period - Shot Misses the Net.
5:31 of 2nd period - Puck is out of play.
5:32 of 2nd period - Daultan Leveillé wins face-off versus Matt Calvert in Demolitions zone.
6:08 of 2nd period - Snap shot by Andrej Nestrasil.
6:08 of 2nd period - Shot Misses the Net.
6:20 of 2nd period - Icing by Nikita Tryamkin.
6:21 of 2nd period - Christoph Bertschy wins face-off versus Ryan Fitzgerald in Demolitions zone.
6:52 of 2nd period - Slapshot by Anthony Bitetto.
6:52 of 2nd period - Shot Blocked by Jake Muzzin.
6:54 of 2nd period - Slapshot by Anthony Bitetto.
6:54 of 2nd period - Deflect By Joakim Nordstrom.
6:54 of 2nd period - Shot Misses the Net.
6:54 of 2nd period - Puck is out of play.
6:55 of 2nd period - Christian Hanson wins face-off versus Daultan Leveillé in Demolitions zone.
7:01 of 2nd period - Snap shot by Matt Calvert.
7:01 of 2nd period - Shot Blocked by Daultan Leveillé.
7:03 of 2nd period - Slapshot by Dillon Heatherington.
7:03 of 2nd period - Shot Misses the Net.
7:05 of 2nd period - Snap shot by Matt Calvert.
7:05 of 2nd period - Shot Blocked by Ryan Pulock.
7:07 of 2nd period - Snap shot by Matt Calvert.
7:07 of 2nd period - Shot Misses the Net.
7:09 of 2nd period - Snap shot by Matt Calvert.
7:09 of 2nd period - Stopped by Alex Stalock with a rebound.
7:11 of 2nd period - Snap shot by Matt Calvert.
7:11 of 2nd period - Stopped by Alex Stalock without a rebound.
7:12 of 2nd period - Leon Draisaitl wins face-off versus Andrej Nestrasil in Demolitions zone.
7:13 of 2nd period - Snap shot by Emerson Etem.
7:13 of 2nd period - Stopped by Alex Stalock with a rebound.
7:23 of 2nd period - Wrist shot by Emerson Etem.
7:23 of 2nd period - Shot Misses the Net.
8:04 of 2nd period - Wrist shot by Andrej Nestrasil.
8:04 of 2nd period - Deflect By Lane MacDermid.
8:04 of 2nd period - Stopped by Thomas Greiss without a rebound.
8:05 of 2nd period - Christian Hanson wins face-off versus Daultan Leveillé in River Frogs zone.
8:12 of 2nd period - Slapshot by Dalton Prout.
8:12 of 2nd period - Deflect By Andrew Gordon.
8:12 of 2nd period - Stopped by Alex Stalock without a rebound.
8:13 of 2nd period - Christian Hanson wins face-off versus Spencer Machacek in Demolitions zone.
8:18 of 2nd period - Wrist shot by Matt Calvert.
8:18 of 2nd period - Stopped by Alex Stalock with a rebound.
8:20 of 2nd period - Slapshot by Christian Hanson.
8:20 of 2nd period - Goal by Christian Hanson - Demolitions : 1 - River Frogs : 5.
8:21 of 2nd period - Christian Hanson wins face-off versus Daultan Leveillé in neutral zone.
8:29 of 2nd period - Off-side.
8:30 of 2nd period - Christian Hanson wins face-off versus Daultan Leveillé in neutral zone.
8:55 of 2nd period - Snap shot by Brandon Saad.
8:55 of 2nd period - Stopped by Thomas Greiss with a rebound.
8:57 of 2nd period - Wrist shot by Brandon Saad.
8:57 of 2nd period - Shot Blocked by Matt Calvert.
8:59 of 2nd period - Snap shot by Daultan Leveillé.
8:59 of 2nd period - Stopped by Thomas Greiss with a rebound.
9:14 of 2nd period - Icing by Daultan Leveillé.
9:15 of 2nd period - Daultan Leveillé wins face-off versus Leon Draisaitl in Demolitions zone.
9:15 of 2nd period - Daultan Leveillé is hit by Leon Draisaitl.
9:29 of 2nd period - Slapshot by Jonathan Blum.
9:29 of 2nd period - Stopped by Thomas Greiss without a rebound.
9:30 of 2nd period - Jared Knight wins face-off versus Andrej Nestrasil in River Frogs zone.
9:55 of 2nd period - Nikita Tryamkin is hit by Emerson Etem and loses puck.
11:17 of 2nd period - Jared Knight is hit by Joshua Leivo and loses puck.
12:00 of 2nd period - Snap shot by Andrej Nestrasil.
12:00 of 2nd period - Deflect By Dennis Everberg.
12:00 of 2nd period - Stopped by Thomas Greiss without a rebound.
12:01 of 2nd period - Andrej Nestrasil wins face-off versus Leon Draisaitl in River Frogs zone.
12:06 of 2nd period - Snap shot by Lane MacDermid.
12:06 of 2nd period - Shot Blocked by Emerson Etem.
12:08 of 2nd period - Snap shot by Lane MacDermid.
12:08 of 2nd period - Stopped by Thomas Greiss with a rebound.
12:37 of 2nd period - Lane MacDermid is hit by Aaron Ness and loses puck.
12:48 of 2nd period - Jonathan Blum is hit by Anthony Bitetto and loses puck.
12:55 of 2nd period - Snap shot by Andrej Nestrasil.
12:55 of 2nd period - Stopped by Thomas Greiss without a rebound.
12:56 of 2nd period - Brandon Saad wins face-off versus Christian Hanson in River Frogs zone.
13:21 of 2nd period - Nikita Tryamkin is hit by Dalton Prout and loses puck.
13:52 of 2nd period - Slapshot by Taylor Beck.
13:52 of 2nd period - Goal by Taylor Beck - Demolitions : 2 - River Frogs : 5.
13:53 of 2nd period - Christian Hanson wins face-off versus Daultan Leveillé in neutral zone.
14:24 of 2nd period - Off-side.
14:25 of 2nd period - Daultan Leveillé wins face-off versus Leon Draisaitl in neutral zone.
16:05 of 2nd period - Slapshot by Spencer Machacek.
16:05 of 2nd period - Stopped by Thomas Greiss with a rebound.
16:07 of 2nd period - Slapshot by Ryan Pulock.
16:07 of 2nd period - Shot Misses the Net.
16:17 of 2nd period - Snap shot by Leon Draisaitl.
16:17 of 2nd period - Shot Misses the Net.
16:19 of 2nd period - Slapshot by Shea Theodore.
16:19 of 2nd period - Stopped by Alex Stalock with a rebound.
16:21 of 2nd period - Snap shot by Matt Calvert.
16:21 of 2nd period - Shot Misses the Net.
16:23 of 2nd period - Snap shot by Andrew Gordon.
16:23 of 2nd period - Shot Misses the Net.
16:25 of 2nd period - Slapshot by Shea Theodore.
16:25 of 2nd period - Stopped by Alex Stalock without a rebound.
16:26 of 2nd period - Christian Hanson wins face-off versus Daultan Leveillé in Demolitions zone.
16:27 of 2nd period - Backhand shot by Andrew Gordon.
16:27 of 2nd period - Shot Blocked by Nikita Tryamkin.
16:43 of 2nd period - Brandon Saad is hit by Dalton Prout and loses puck.
16:56 of 2nd period - Snap shot by Leon Draisaitl.
16:56 of 2nd period - Shot Misses the Net.
17:06 of 2nd period - Slapshot by Jake Muzzin.
17:06 of 2nd period - Stopped by Thomas Greiss with a rebound.
17:12 of 2nd period - Minor Penalty to Aaron Ness for Interference.
17:13 of 2nd period - Andrew Gordon wins face-off versus Daultan Leveillé in River Frogs zone.
17:22 of 2nd period - Anthony Bitetto is hit by Jonathan Blum and loses puck.
18:00 of 2nd period - Snap shot by Emerson Etem.
18:00 of 2nd period - Deflect By Brandon Saad.
18:00 of 2nd period - Stopped by Alex Stalock without a rebound.
18:01 of 2nd period - Andrew Gordon wins face-off versus Spencer Machacek in Demolitions zone.
19:12 of 2nd period - Penalty to Aaron Ness is over, Aaron Ness is back on ice.
19:40 of 2nd period - Wrist shot by Leon Draisaitl.
19:40 of 2nd period - Stopped by Alex Stalock without a rebound.
19:41 of 2nd period - Andrej Nestrasil wins face-off versus Leon Draisaitl in Demolitions zone.
19:50 of 2nd period - Snap shot by Dennis Everberg.
19:50 of 2nd period - Shot Hit the Post.
Goals for this period are 1 for Demolitions vs 3 for River Frogs.
Shots for this period are 17 for Demolitions vs 12 for River Frogs.
3rd period
0:01 of 3rd period - Christian Hanson wins face-off versus Daultan Leveillé in neutral zone.
0:10 of 3rd period - Wrist shot by Brandon Saad.
0:10 of 3rd period - Shot Misses the Net.
0:34 of 3rd period - Snap shot by Andrej Nestrasil.
0:34 of 3rd period - Shot Misses the Net.
0:50 of 3rd period - Wrist shot by Phil McRae.
0:50 of 3rd period - Stopped by Thomas Greiss with a rebound.
1:08 of 3rd period - Wrist shot by Emerson Etem.
1:08 of 3rd period - Stopped by Alex Stalock without a rebound.
1:09 of 3rd period - J.T. Brown wins face-off versus Christian Hanson in Demolitions zone.
1:44 of 3rd period - Wrist shot by Daultan Leveillé.
1:44 of 3rd period - Shot Misses the Net.
2:22 of 3rd period - Slapshot by Jonathan Blum.
2:22 of 3rd period - Deflect By Matt Calvert.
2:22 of 3rd period - Stopped by Thomas Greiss with a rebound.
3:56 of 3rd period - Phil McRae is hit by Shea Theodore.
4:00 of 3rd period - Aaron Ness is hit by Ryan Pulock.
4:21 of 3rd period - Slapshot by Shea Theodore.
4:21 of 3rd period - Stopped by Alex Stalock without a rebound.
4:22 of 3rd period - Daultan Leveillé wins face-off versus Jared Knight in Demolitions zone.
4:45 of 3rd period - Slapshot by Jared Knight.
4:45 of 3rd period - Stopped by Alex Stalock without a rebound.
4:46 of 3rd period - Andrej Nestrasil wins face-off versus Emerson Etem in Demolitions zone.
5:09 of 3rd period - Slapshot by Dennis Everberg.
5:09 of 3rd period - Stopped by Thomas Greiss without a rebound.
5:10 of 3rd period - Christian Hanson wins face-off versus Brandon Saad in River Frogs zone.
5:25 of 3rd period - Shea Theodore is hit by Brandon Saad and loses puck.
5:37 of 3rd period - Daultan Leveillé is hit by Aaron Ness and loses puck.
5:44 of 3rd period - Slapshot by Matt Calvert.
5:44 of 3rd period - Stopped by Alex Stalock without a rebound.
5:45 of 3rd period - Leon Draisaitl wins face-off versus Lane MacDermid in Demolitions zone.
5:46 of 3rd period - Backhand shot by Justin Florek.
5:46 of 3rd period - Deflect By Emerson Etem.
5:46 of 3rd period - Stopped by Alex Stalock with a rebound.
5:48 of 3rd period - Wrist shot by Emerson Etem.
5:48 of 3rd period - Stopped by Alex Stalock without a rebound.
5:49 of 3rd period - Leon Draisaitl wins face-off versus Andrej Nestrasil in Demolitions zone.
6:02 of 3rd period - Snap shot by Leon Draisaitl.
6:02 of 3rd period - Stopped by Alex Stalock without a rebound.
6:03 of 3rd period - Daultan Leveillé wins face-off versus Christian Hanson in Demolitions zone.
6:03 of 3rd period - Brandon Saad is hit by Andrew Gordon and loses puck.
6:06 of 3rd period - Minor Penalty to Brandon Saad for Holding.
6:07 of 3rd period - Christian Hanson wins face-off versus Spencer Machacek in Demolitions zone.
6:38 of 3rd period - Wrist shot by Leon Draisaitl.
6:38 of 3rd period - Stopped by Alex Stalock without a rebound.
6:39 of 3rd period - Leon Draisaitl wins face-off versus Spencer Machacek in Demolitions zone.
6:54 of 3rd period - Snap shot by Shea Theodore.
6:54 of 3rd period - Stopped by Alex Stalock without a rebound.
6:55 of 3rd period - Spencer Machacek wins face-off versus Christian Hanson in Demolitions zone.
7:26 of 3rd period - J.T. Brown is hit by Anthony Bitetto and loses puck.
8:06 of 3rd period - Penalty to Brandon Saad is over, Brandon Saad is back on ice.
8:13 of 3rd period - Snap shot by Dennis Everberg.
8:13 of 3rd period - Shot Misses the Net.
8:21 of 3rd period - Austin Watson is hit by Lane MacDermid and loses puck.
8:44 of 3rd period - Off-side.
8:45 of 3rd period - Christian Hanson wins face-off versus Christoph Bertschy in neutral zone.
9:13 of 3rd period - Snap shot by Dennis Everberg.
9:13 of 3rd period - Stopped by Thomas Greiss without a rebound.
9:14 of 3rd period - Leon Draisaitl wins face-off versus Andrej Nestrasil in River Frogs zone.
10:29 of 3rd period - Richard Nejezchleb is hit by Lane MacDermid and loses puck.
10:38 of 3rd period - Slapshot by Aaron Ness.
10:38 of 3rd period - Shot Blocked by Ryan Pulock.
10:40 of 3rd period - Slapshot by Ryan Fitzgerald.
10:40 of 3rd period - Shot Misses the Net.
10:54 of 3rd period - Brandon Saad is hit by Anthony Bitetto and loses puck.
11:05 of 3rd period - Brandon Saad is hit by Justin Florek and loses puck.
11:16 of 3rd period - Wrist shot by Brandon Saad.
11:16 of 3rd period - Shot Blocked by Ondrej Kase.
11:18 of 3rd period - Slapshot by Taylor Aronson.
11:18 of 3rd period - Stopped by Thomas Greiss without a rebound.
11:19 of 3rd period - Jared Knight wins face-off versus Christoph Bertschy in River Frogs zone.
11:34 of 3rd period - Snap shot by Taylor Beck.
11:34 of 3rd period - Stopped by Thomas Greiss with a rebound.
11:44 of 3rd period - Dennis Everberg is hit by Matt Calvert and loses puck.
12:17 of 3rd period - Wrist shot by Daultan Leveillé.
12:17 of 3rd period - Goal by Daultan Leveillé - Demolitions : 3 - River Frogs : 5.
12:18 of 3rd period - Christian Hanson wins face-off versus Daultan Leveillé in neutral zone.
13:46 of 3rd period - Wrist shot by Andrew Gordon.
13:46 of 3rd period - Stopped by Alex Stalock with a rebound.
13:48 of 3rd period - Slapshot by Aaron Ness.
13:48 of 3rd period - Shot Blocked by Nikita Tryamkin.
13:50 of 3rd period - Wrist shot by Christian Hanson.
13:50 of 3rd period - Stopped by Alex Stalock with a rebound.
13:52 of 3rd period - Slapshot by Andrew Gordon.
13:52 of 3rd period - Deflect By Christian Hanson.
13:52 of 3rd period - Shot Misses the Net.
13:52 of 3rd period - Puck is out of play.
13:53 of 3rd period - Daultan Leveillé wins face-off versus Leon Draisaitl in Demolitions zone.
14:01 of 3rd period - Dalton Prout is hit by Robert Bortuzzo and loses puck.
14:18 of 3rd period - Spencer Machacek is hit by Austin Watson.
14:36 of 3rd period - Minor Penalty to Robert Bortuzzo for Holding.
14:37 of 3rd period - Matt Calvert wins face-off versus Spencer Machacek in Demolitions zone.
15:15 of 3rd period - Slapshot by Emerson Etem.
15:15 of 3rd period - Shot Blocked by Brandon Saad.
15:21 of 3rd period - Minor Penalty to Leon Draisaitl for Tripping.
15:22 of 3rd period - Spencer Machacek wins face-off versus Andrew Gordon in River Frogs zone.
15:37 of 3rd period - Backhand shot by Shea Theodore.
15:37 of 3rd period - Shot Misses the Net.
15:44 of 3rd period - Icing by Jake Muzzin.
15:45 of 3rd period - Andrew Gordon wins face-off versus Spencer Machacek in Demolitions zone.
15:46 of 3rd period - Slapshot by Christian Hanson.
15:46 of 3rd period - Shot Misses the Net.
16:10 of 3rd period - Slapshot by Jonathan Blum.
16:10 of 3rd period - Shot Misses the Net.
16:32 of 3rd period - Slapshot by Shea Theodore.
16:32 of 3rd period - Stopped by Alex Stalock with a rebound.
16:36 of 3rd period - Penalty to Robert Bortuzzo is over, Robert Bortuzzo is back on ice.
16:50 of 3rd period - Snap shot by Christoph Bertschy.
16:50 of 3rd period - Stopped by Thomas Greiss without a rebound.
16:51 of 3rd period - Andrew Gordon wins face-off versus Christoph Bertschy in River Frogs zone.
17:21 of 3rd period - Penalty to Leon Draisaitl is over, Leon Draisaitl is back on ice.
18:08 of 3rd period - Andrej Nestrasil is hit by Matt Calvert and loses puck.
19:12 of 3rd period - Snap shot by Leon Draisaitl.
19:12 of 3rd period - Stopped by Alex Stalock without a rebound.
19:13 of 3rd period - Christoph Bertschy wins face-off versus Christian Hanson in Demolitions zone.
19:13 of 3rd period - Christoph Bertschy is hit by Matt Calvert.
Goals for this period are 1 for Demolitions vs 0 for River Frogs.
Shots for this period are 8 for Demolitions vs 13 for River Frogs.
Back to the Top